 Dungeon Crawl Stone Soup version 0.25.1-2-g60ff931df9 (webtiles) character file.

Game seed: 15712307020718871637

812 DildoBatman the Conjurer (level 8, -2/52 HPs)
             Began as a Formicid Wizard on Nov 6, 2020.
             Slain by a bullfrog (3 damage)
             ... on level 6 of the Dungeon.
             The game lasted 00:23:06 (7127 turns).

DildoBatman the Conjurer (Formicid Wizard)          Turns: 7127, Time: 00:23:07

Health: -2/52      AC:  4    Str: 19    XL:     8   Next: 15%
Magic:  12/12      EV: 12    Int: 25    God:
Gold:   66         SH:  4    Dex:  9    Spells: 6/13 levels left

rFire    . . .     SeeInvis +   a - +3 dagger (drain)
rCold    . . .     Gourm    .   l - +0 buckler
rNeg     . . .     Faith    .   g - +0 robe
rPois    .         Spirit   .   (helmet unavailable)
rElec    .         Reflect  .   o - +0 cloak
rCorr    .         Harm     .   r - +0 pair of gloves
MR       .....                  (no boots)
Stlth    ++........             (no amulet)
HPRegen  0.17/turn              A - +6 ring of intelligence
MPRegen  0.13/turn              p - +6 ring of strength

@: lethally poisoned (-2 -> -3)
A: permanent stasis, dig shafts and tunnels, four strong arms, antennae 3
a: Dig, Shaft Self


You were on level 6 of the Dungeon.
You were hungry.

You visited 1 branch of the dungeon, and saw 6 of its levels.

You collected 248 gold pieces.
You spent 182 gold pieces at shops.

Inventory:

Hand Weapons
 a - a +3 dagger of draining (weapon)
 b - a +2 dagger of holy wrath
 c - a +0 hunting sling
 d - a +0 hand axe of venom
Missiles
 h - 43 arrows
 k - 3 curare-tipped darts
 y - 31 sling bullets
 C - 112 stones (quivered)
Armour
 g - a +0 robe (worn)
 i - a +0 leather armour of cold resistance
 l - a +0 buckler (worn)
 o - a +0 cloak (worn)
 r - a +0 pair of gloves (worn)
 B - a +0 leather armour of fire resistance
Jewellery
 p - a +6 ring of strength (right hand)
 A - a +6 ring of intelligence (left hand)
Wands
 s - a wand of random effects (28)
Scrolls
 f - a scroll of fog {unknown}
 t - a scroll of fear
 u - a scroll of enchant weapon {unknown}
 w - a scroll of immolation {unknown}
 x - 5 scrolls of remove curse
 z - 2 scrolls of identify
 D - a scroll of noise {unknown}
 G - a scroll of magic mapping {unknown}
Potions
 j - a potion of lignification {unknown}
 m - a potion of stabbing
 n - a potion of might {unknown}
 q - 2 potions of curing {unknown}
 E - a potion of heal wounds
 F - a potion of brilliance {unknown}
Comestibles
 v - 12 rations


   Skills:
 - Level 1.7 Dodging
 - Level 2.4 Stealth
 - Level 3.0 Shields
 - Level 3.2 Spellcasting
 - Level 4.0 Conjurations
   Level 1.0 Summonings
   Level 0.8 Translocations
 * Level 3.9 Fire Magic
 * Level 3.3 Air Magic
 - Level 4.0 Poison Magic


You had 6 spell levels left.
You knew the following spells:

 Your Spells              Type           Power        Failure   Level  Hunger
a - Conjure Flame         Conj/Fire      ###.....     6%          3    ###....
c - Magic Dart            Conj           ###.         1%          1    None
e - Mephitic Cloud        Conj/Pois/Air  ###.....     6%          3    ###....

Your spell library contained the following spells:

 Spells                   Type           Power        Failure   Level  Hunger
 Call Imp                 Summ           #.......     10%         2    #......
 Slow                     Hex            #.......     16%         2    #......
 Blink                    Tloc           Unusable     N/A         2    N/A

Dungeon Overview and Level Annotations

Branches:
Dungeon (6/15)
 Temple: D:4-7

Altars:
Ashenzari
Cheibriados
Dithmenos
Hepliaklqana
The Shining One

Shops:
D:4 !*[   D:6 =

Annotations:
D:2 Grinder, Ijyb, Sigmund
D:3 1 exclusion
D:4 exclusions: 4 crimson imps and ice beast
D:5 exclusions: hound, sensed monster (detected) and 4 more exclusions
D:6 Blork the orc, Prince Ribbit


Innate Abilities, Weirdness & Mutations

You cannot be hasted, slowed, berserked, paralysed or teleported.
You can dig through walls and to a lower floor.
Your four strong arms can wield two-handed weapons with a shield.
You have a pair of large antennae on your head. (SInv)


Message History

The bullfrog barely misses you.
The giant cockroach bites you but does no damage.
The giant cockroach barely misses you.
Blork the orc is no longer moving quickly.
The adder bites you.
You are lethally poisoned!
The adder poisons you!
You feel sick. The adder barely misses you.
You feel sick. The adder misses you.
All of the chunks of flesh in your inventory have rotted away.
Found 17 gold pieces.
You feel sick. The adder barely misses you.
An ooze comes into view.
The ooze quivers.
You feel sick. The bullfrog hits you.
You die...

...# ...##### ...#...
...#.# .....# {
.....#######
..........[#
.#.#.......###########.#
.'.....^......sF@$...J.#
.#.##.#'###oo..S......##
....$.)...o..o..........
#####...##.o########..#.
#.o.##..# ##
#####..o....#
......)..#...#
$........#...#
..o............


You could see Blork the orc (invisible), a bullfrog, an orc priest, an orc
wizard, an ooze, an adder, 2 orcs and a giant cockroach.

Vanquished Creatures
  2 sky beasts (D:6)
  A centaur (D:5)
  A bullfrog (D:4)
  A hound (D:4)
  3 orc wizards
  3 orc priests
  6 gnolls
  6 adders
  2 adder skeletons
  6 worms
  5 dart slugs
  4 leopard geckos
  30 orcs
  7 giant cockroaches
  8 goblins
  6 hobgoblins
  8 jackals
  5 kobolds
  5 quokkas
  4 ball pythons
  4 bats
  6 frilled lizards
  2 jackal skeletons (D:4)
  5 rats
130 creatures vanquished.

Notes
Turn   | Place    | Note
-------+----------+-------------------------------------------
     0 | D:1      | DildoBatman the Formicid Wizard began the quest for the
                  | Orb.
     0 | D:1      | Reached XP level 1. HP: 13/13 MP: 4/4
   128 | D:1      | Reached skill level 1 in Conjurations
   496 | D:1      | Reached XP level 2. HP: 19/19 MP: 0/6
   888 | D:1      | Reached XP level 3. HP: 20/24 MP: 3/7
  1246 | D:1      | Found a shadowy altar of Dithmenos.
  2008 | D:2      | Found a hazy altar of Hepliaklqana.
  2047 | D:2      | Reached XP level 4. HP: 30/30 MP: 6/8
  2795 | D:3      | Noticed Sigmund
  2883 | D:3      | Learned a level 3 spell: Conjure Flame
  2887 | D:3      | Learned a level 3 spell: Mephitic Cloud
  3022 | D:2      | Reached XP level 5. HP: 24/35 MP: 5/9
  3110 | D:3      | Reached skill level 1 in Poison Magic
  3117 | D:3      | Noticed Grinder
  3410 | D:3      | Reached skill level 1 in Fire Magic
  3705 | D:3      | Reached skill level 1 in Air Magic
  3755 | D:3      | Reached XP level 6. HP: 41/41 MP: 8/10
  3838 | D:3      | Noticed Ijyb
  3903 | D:3      | Found a glowing golden altar of the Shining One.
  4329 | D:4      | Found Baxt's General Store.
  4337 | D:4      | Bought a scroll of remove curse for 33 gold pieces
  4337 | D:4      | Bought a scroll of remove curse for 33 gold pieces
  4337 | D:4      | Bought a scroll of identify for 22 gold pieces
  4337 | D:4      | Bought a potion of stabbing for 44 gold pieces
  4393 | D:4      | Reached skill level 1 in Shields
  4581 | D:4      | Found Verchew's Distillery.
  4589 | D:4      | Bought a potion of heal wounds for 50 gold pieces
  4619 | D:4      | Reached XP level 7. HP: 46/46 MP: 11/11
  4726 | D:4      | Found Yfaigh's Antique Armour Emporium.
  5235 | D:5      | Entered Level 5 of the Dungeon
  5981 | D:5      | Found a snail-covered altar of Cheibriados.
  6071 | D:5      | Found a shattered altar of Ashenzari.
  6645 | D:6      | Noticed Prince Ribbit
  6961 | D:6      | Noticed Blork the orc
  6986 | D:6      | Reached XP level 8. HP: 9/52 MP: 4/12
  7111 | D:6      | Found Rokho's Jewellery Shoppe.
  7121 | D:6      | HP: 2/52 [poisoned by an adder]
  7127 | D:6      | HP: 1/52 [poisoned by an adder]
  7127 | D:6      | Slain by a bullfrog

Illustrated notes

Levels and vault maps discovered:
D:1:      lightli_arrival_isolated_outpost, layout_loops_ring,
          minmay_misc_feat_encased, kennysheep_flooded_box
D:2:      layout_loops_ring, overflow_temple_1_default, first_ration,
          minmay_hexomino_c4
D:3:      layout_basic, nicolae_overflow_hidden_temple, uniq_sigmund,
          uniq_grinder, uniq_ijyb
D:4:      layout_loops_ring, serial_shops, shop, nicolae_shop_window_shopping,
          shop
D:5:      layout_gridville, evilmike_ruin_ashenzari, slow_altar_1
D:6:      layout_basic, minmay_temple_entry_mini_moons, serial_shops, shop,
          uniq_blork_the_orc, uniq_duvessa, uniq_prince_ribbit1, uniq_maggie

Skill      XL: |  1  2  3  4  5  6  7 |
---------------+----------------------+-----
Conjurations   | 1 2 3 4 |  4.0
Poison Magic   | 2 3 4 |  4.0
Fire Magic     | 1 2 3 |  3.9
Air Magic      | 1 3 |  3.3
Shields        | 1 3 |  3.0
Dodging        | |  1.7
Stealth        | |  2.4
Spellcasting   | |  3.2
Summonings     | |  1.0
Translocations | |  0.8

Action                   |  1- 3 |  4- 6 |  7- 9 || total
-------------------------+-------+-------+-------++-------
Melee: Club              |     1 |       |       ||     1
       Dagger            |    22 |    29 |   106 ||   157
 Fire: Hunting sling     |       |    98 |    60 ||   158
 Cast: Magic Dart        |    82 |    93 |    14 ||   189
       Mephitic Cloud    |       |     6 |     6 ||    12
       Conjure Flame     |       |     1 |     2 ||     3
 Abil: Dig               |     1 |    14 |    18 ||    33
  Use: Scroll            |       |     1 |     1 ||     2
 Stab: Sleeping          |     2 |       |       ||     2
       Distracted        |       |       |     1 ||     1
       Confused          |       |       |     1 ||     1
  Eat: Chunk             |     3 |    10 |     9 ||    22
Armor: Robe              |     4 |    30 |    34 ||    68
Dodge: Dodged            |    33 |    69 |    79 ||   181
Block: Buckler           |       |       |    23 ||    23
